 Dungeon Crawl Stone Soup version 0.22-a0-271-gc000056 (webtiles) character file.

154 grindst0ne the Covert (level 5, -5/42 HPs)
             Began as a Vampire Assassin on Mar 12, 2018.
             Was an Initiate of Ru.
             Slain by an orc
             ... wielding a +0 falchion
              (6 damage)
             ... on level 2 of the Dungeon.
             The game lasted 00:06:06 (2116 turns).

grindst0ne the Covert (Vampire Assassin)            Turns: 2116, Time: 00:06:07

Health: -5/42      AC:  3    Str: 10    XL:     5   Next: 13%
Magic:  5/5        EV: 12    Int: 14    God:    Ru [......]
Gold:   73         SH:  0    Dex: 16    Spells: 4/4 levels left

rFire    . . .     SeeInvis +   a - +2 dagger
rCold    + . .     Gourm    .   (no shield)
rNeg     + + .     Faith    .   c - +0 robe
rPois    +         Spirit   .   (no helmet)
rElec    .         Reflect  .   d - +0 cloak
rCorr    .         Harm     .   (no gloves)
MR       .....                  (no boots)
Stlth    +++++.....             (no amulet)
HPRegen  0.07/turn              (no ring)
MPRegen  0.09/turn              (no ring)

@: regenerating slowly
A: fangs 3, see invisible, unbreathing
a: Bat Form, Renounce Religion


You were on level 2 of the Dungeon.
You worshipped Ru.
Ru was noncommittal.
You were very thirsty.

You visited 1 branch of the dungeon, and saw 3 of its levels.

You collected 73 gold pieces.

Inventory:

Hand Weapons
 a - a +2 dagger (weapon)
 b - a +0 blowgun
Missiles
 e - 22 poisoned needles
 f - 2 curare-tipped needles
 p - 2 javelins of returning (quivered)
Armour
 c - a +0 robe (worn)
 d - a +0 cloak (worn)
Scrolls
 h - 3 scrolls of identify {unknown}
 j - 2 scrolls of remove curse {unknown}
 k - a scroll of blinking {unknown}
 m - a scroll of amnesia {unknown}
Potions
 g - 16 potions of blood
 i - 3 potions of haste {unknown}
 l - a potion of agility {unknown}
 n - a potion of heal wounds {unknown}
 o - a potion of might {unknown}


   Skills:
 + Level 3.6 Fighting
 - Level 2.1 Short Blades
 - Level 1.5 Throwing
 - Level 1.1 Dodging
 + Level 8.1 Stealth


You had 4 spell levels left.
You didn't know any spells.

Dungeon Overview and Level Annotations

Branches:
Dungeon (3/15)

Altars:
Fedhas
Hepliaklqana
Makhleb
Ru
Xom


Innate Abilities, Weirdness & Mutations

You heal slowly.
You have razor-sharp teeth.
You have supernaturally acute eyesight. (SInv)
You can survive without breathing.


Message History

The orc wizard is almost dead.
The orc wizard closely misses you.
You hit the orc wizard.
You kill the orc wizard!
Your Stealth skill increases to level 8!
You have reached level 5!
You feel clever.
There is a stone staircase leading up here.
The orc closely misses you.
You climb upwards.
There is a stone staircase leading down here.
The orc hits you with a falchion.
* * * LOW HITPOINT WARNING * * *
You fail to use your ability.
There is an escape hatch in the ceiling here.
Yummy - fresh blood!
You are feeling very thirsty.
The orc closely misses you. The orc hits you with a falchion.
You die...

#.# #...# #.########.##
#..........#
#.P#######.############
#.#.P..P.#............#
#.#........##..######.#
#.#....P.#.##..# #.#
#.#...(..P.##..# #.#
####.P...P..#.##@.# #.#
#....#.....PP...o.# #.#
#.##..##++##..##.##
#.###
#.##..........##.#
##...##
#.######..######.#
##.###.## #.#
##.######.# ##.## ##.##
#.# #.##.....# #.##
##.# ..# #.##.##### #.#
#.# ### #.##.# #.##
##.#


You could see an orc.

Vanquished Creatures
  3 orc wizards
  2 adders (D:2)
  An ooze (D:2)
  2 leopard geckos (D:1)
  3 orcs
  4 giant cockroaches
  5 goblins
  5 hobgoblins
  4 jackals
  6 kobolds
  2 quokkas
  2 bats
  2 frilled lizards (D:1)
  4 rats
45 creatures vanquished.

Notes
Turn   | Place    | Note
-------+----------+-------------------------------------------
     0 | D:1      | grindst0ne the Vampire Assassin began the quest for the Orb.
     0 | D:1      | Reached XP level 1. HP: 16/16 MP: 1/1
    50 | D:1      | Reached skill level 6 in Stealth
   122 | D:1      | Reached XP level 2. HP: 10/22 MP: 2/2
   844 | D:2      | Reached XP level 3. HP: 23/28 MP: 3/3
   920 | D:2      | Found a sacrificial altar of Ru.
   982 | D:2      | Became a worshipper of Ru the Awakened
  1037 | D:2      | Reached skill level 7 in Stealth
  1049 | D:2      | Found a shimmering altar of Xom.
  1061 | D:2      | Found a burning altar of Makhleb.
  1064 | D:2      | Found a blossoming altar of Fedhas.
  1065 | D:2      | Found a hazy altar of Hepliaklqana.
  1511 | D:2      | Reached XP level 4. HP: 30/35 MP: 4/4
  2083 | D:3      | Reached skill level 8 in Stealth
  2083 | D:3      | Reached XP level 5. HP: 6/42 MP: 5/5
  2090 | D:2      | HP: 1/42 [orc/falchion (5)]
  2116 | D:2      | Slain by an orc

Vault maps used:
D:1:      dpeg_arrival_solitude, nrook_mini_backslash
D:2:      cheibrodos_old_hovel, minitemple, first_ration,
          nicolae_ru_sacrificial_ziggurat
D:3:      nicolae_gozag_zags_fifth_avenue

Skill      XL: |  1  2  3  4 |
---------------+-------------+-----
Stealth        | 6 7 8 |  8.1
Fighting       | 2 3 |  3.6
Short Blades   | |  2.1
Throwing       | |  1.5
Dodging        | |  1.1

Action                   |  1- 3 |  4- 6 || total
-------------------------+-------+-------++-------
Melee: Dagger            |    98 |    60 ||   158
       Bite              |    13 |     8 ||    21
  Use: Potion            |       |     1 ||     1
 Stab: Sleeping          |    13 |     2 ||    15
Armor: Robe              |    18 |     9 ||    27
Dodge: Dodged            |    35 |    29 ||    64

Table legend:
 A = Spawn XP
 B = Non-spawn XP
 C = Spawn XP percentage of total XP
 D = Spawn monster count
 E = Non-spawn monster count
 F = Spawn count percentage of total count
 G = Total turns spent on level
                    A         B        C        D         E        F      G
               +---------+---------+-------+---------+---------+-------+---------
         Total |       0 |     220 |   0.0 |       0 |      45 |   0.0 |  2116
               +---------+---------+-------+---------+---------+-------+---------
           D:1 |       0 |      38 |   0.0 |       0 |      21 |   0.0 |   811
           D:2 |       0 |     132 |   0.0 |       0 |      16 |   0.0 |  1181
           D:3 |       0 |      50 |   0.0 |       0 |       8 |   0.0 |   124
               +---------+---------+-------+---------+---------+-------+---------
